 Dungeon Crawl Stone Soup version 0.20-a0-1124-g2e29d97 (webtiles) character file.

18 Goblin1989 the Sneak (level 2, -9/14 HPs)
             Began as a Spriggan Assassin on May 15, 2017.
             Mangled by an ice beast (14 damage)
             ... on level 8 of the Dungeon.
             The game lasted 00:07:46 (1064 turns).

Goblin1989 the Sneak (Spriggan Assassin)            Turns: 1064, Time: 00:07:47

Health: -9/14      AC:  3    Str:  7    XL:     2   Next: 48%
Magic:  3/3        EV: 17    Int: 12    God:
Gold:   74         SH:  0    Dex: 17    Spells: 1/1 levels left

rFire    . . .     SeeInvis +   w - +0 blowgun {@w1}
rCold    . . .     Gourm    .   (shield restricted)
rNeg     . . .     Faith    .   c - +0 robe
rPois    .         Spirit   .   (helmet restricted)
rElec    .         Reflect  .   d - +0 cloak
rCorr    .         Harm     .   (gloves unavailable)
MR       .....                  (boots unavailable)
Stlth    ++++......             (no amulet)
Regen    0.1/turn               (no ring)
MPRegen  0.1/turn               (no ring)

@: very quick
A: unfitting armour, see invisible, herbivore 3, speed 3, slow metabolism 2
a: no special abilities


You were on level 8 of the Dungeon.
You were not hungry.

You visited 1 branch of the dungeon, and saw 8 of its levels.

You collected 74 gold pieces.

Inventory:

Hand Weapons
 a - a +2 dagger
 j - a +0 club
 k - a +0 club
 q - a +2 dagger of flaming
 t - a +0 dagger
 w - a +0 blowgun (weapon) {@w1}
 x - a +0 dagger
 y - a +0 short sword
 A - a +0 mace
Missiles
 b - 66 stones
 f - 2 curare-tipped needles
 g - 20 poisoned needles
 h - 7 needles of frenzy (quivered)
 l - 19 sling bullets
 z - 30 arrows
Armour
 c - a +0 robe (worn)
 d - a +0 cloak (worn)
 p - a +0 robe
 u - a +0 shield
 F - the +2 leather armour "Cykeh" {rPois rC+ Int+8, unknown}
   (You found it on level 8 of the Dungeon)

   It affects your intelligence (+8).
   It protects you from cold.
   It protects you from poison.
Jewellery
 s - an uncursed ring of protection from magic {unknown}
Scrolls
 o - a scroll of enchant armour {unknown}
 v - a scroll of magic mapping {unknown}
 B - a scroll of remove curse {unknown}
 C - a scroll of recharging {unknown}
 D - a scroll of teleportation {unknown}
 E - a scroll of fear {unknown}
Potions
 m - 2 potions of curing {unknown}
 r - a potion of haste {unknown}
Comestibles
 e - a bread ration {@e1}
 i - a fruit
 n - 2 meat rations {@e2}


   Skills:
 - Level 1.5 Fighting
 - Level 2.1 Short Blades
 - Level 2.0 Throwing
 - Level 1.5 Dodging
 + Level 7.0 Stealth


You had one spell level left.
You didn't know any spells.

Dungeon Overview and Level Annotations

Branches:
Dungeon (8/15)
 Temple: D:4-7         Lair: D:8-11

Altars:
Nemelex Xobeh
Uskayaw


Innate Abilities, Weirdness & Mutations

You are very small and have problems with some larger weapons.
You are too small for most types of armour.
You have supernaturally acute eyesight. (SInv)
You are a herbivore.
You cover ground extremely quickly.
You need consume almost no food.


Message History

You hit the orc. You burn the orc.
The orc is moderately wounded.
The orc closely misses you.
A quasit comes into view.
The quasit gives a chilling moan.
You see here 17 arrows.
z - 30 arrows (gained 17) Wear which item (? for menu, Esc to quit)
Okay, then.
Wield which item (- for none, * to show all)? (? for menu, Esc to quit)
You are already wielding that!
Unknown command.
Wield which item (- for none, * to show all)? (? for menu, Esc to quit)
Your +2 dagger of flaming stops flaming.
w - a +0 blowgun (weapon)
{@w1} Quiver which item? (- for none, * to show all) (? for menu, Esc to quit)
Quivering
h - 12 needles of frenzy for blowguns.
Firing (i - inventory. (,) - cycle):
h - 12 needles of frenzy (quivered)
Press: ? - help, Shift-Dir - straight line, f - orc
Aim: an orc, wearing a scale mail (moderately wounded)
You shoot a needle of frenzy.
The needle of frenzy closely misses the orc.
The needle of frenzy closely misses the quasit.
The needle of frenzy closely misses the orc.
Firing (i - inventory. (,) - cycle):
h - 11 needles of frenzy (quivered)
Press: ? - help, Shift-Dir - straight line, f/p - orc
Aim: an orc, wearing a scale mail (moderately wounded)
You shoot a needle of frenzy. The needle of frenzy hits the orc.
The orc flies into a frenzy!
The orc is moderately wounded.
The orc shouts!
The quasit bites the orc but does no damage.
The quasit barely misses the orc.
The quasit claws the orc.
The orc closely misses the quasit.
The quasit bites the orc but does no damage.
The quasit barely misses the orc.
The quasit claws the orc but does no damage.
The orc closely misses the quasit.
The quasit bites the orc but does no damage.
The quasit closely misses the orc.
The quasit completely misses the orc.
The orc hits the quasit!
The quasit bites the orc but does no damage.
The quasit claws the orc.
The quasit claws the orc but does no damage.
The orc misses the quasit.
The quasit barely misses the orc.
The quasit closely misses the orc.
The quasit claws the orc but does no damage.
The orc hits the quasit but does no damage.
The quasit closely misses the orc.
The quasit claws the orc but does no damage. x2
The orc misses the quasit.
The quasit bites the orc but does no damage.
The quasit claws the orc but does no damage.
The quasit misses the orc.
The orc hits the quasit but does no damage.
The orc misses the quasit.
The quasit bites the orc but does no damage.
The quasit claws the orc but does no damage. x2
The orc completely misses the quasit.
The quasit bites the orc but does no damage.
The quasit claws the orc but does no damage. x2
The orc misses the quasit.
The quasit bites the orc but does no damage.
The quasit claws the orc but does no damage.
The quasit barely misses the orc.
The orc completely misses the quasit.
The quasit bites the orc but does no damage.
The quasit claws the orc but does no damage.
The quasit claws the orc.
The orc dies!
Unknown command.
Firing (i - inventory. (,) - cycle):
h - 10 needles of frenzy (quivered)
Press: ? - help, Shift-Dir - straight line, f - quasit
Aim: a quasit (heavily wounded)
You shoot a needle of frenzy. The needle of frenzy hits the quasit.
The quasit resists.
The quasit is heavily wounded.
Firing (i - inventory. (,) - cycle):
h - 9 needles of frenzy (quivered)
Press: ? - help, Shift-Dir - straight line, f - ice beast, p - quasit
Aim: an ice beast You shoot a needle of frenzy.
The needle of frenzy closely misses the quasit.
The needle of frenzy closely misses the ice beast.
Firing (i - inventory. (,) - cycle):
h - 8 needles of frenzy (quivered)
Press: ? - help, Shift-Dir - straight line, f/p - ice beast
Aim: an ice beast You shoot a needle of frenzy.
The needle of frenzy misses the quasit.
The needle of frenzy closely misses the ice beast.
The needle of frenzy hits the orc.
The orc flies into a frenzy!
The orc hits the ice beast with a dagger.
The orc closely misses the ice beast.
Found a stone staircase leading down.
There is a stone staircase leading down here.
You see here a warped leather armour.
F - a warped leather armour You now have 74 gold pieces (gained 3).
The ice beast hits you.
* * * LOW HITPOINT WARNING * * *
The ice beast freezes you!
Ouch! That really hurt!
You die... █.>.█ █.█ █████.████ ██.██ █.█ █.█ █Y█ █.█ ▲█ █o█ █.█ ██o█ ██5█

██..█ ███..█
███...██████████....████
....(.([(..).....Y.....▲
███...██████████@...████
██..█ █....██ ██..
█.███.█ .██ █.█ ██.█ .
█.█ █.█ █. █. .█ ██ █ █


You could see an ice beast and a quasit.

Vanquished Creatures
  An adder (D:2)
  A hobgoblin (D:1)
  2 jackals (D:1)
  A quokka (D:4)
  A frilled lizard (D:2)
  2 rats (D:1)
8 creatures vanquished.

Vanquished Creatures (others)
  2 orcs (D:8)
2 creatures vanquished.

Grand Total: 10 creatures vanquished

Notes
Turn   | Place    | Note
-------+----------+-------------------------------------------
     0 | D:1      | Goblin1989 the Spriggan Assassin began the quest for the Orb.
     0 | D:1      | Reached XP level 1. HP: 10/10 MP: 2/2
    51 | D:1      | Reached skill level 6 in Stealth
   198 | D:2      | Found a sparkling altar of Nemelex Xobeh.
   201 | D:2      | Found a hide-covered altar of Uskayaw.
   471 | D:3      | Noticed a hound
   646 | D:2      | Reached skill level 7 in Stealth
   646 | D:2      | Reached XP level 2. HP: 14/14 MP: 3/3
   845 | D:5      | Entered Level 5 of the Dungeon
   900 | D:6      | Noticed a phantom
   971 | D:7      | Noticed a bullfrog
   971 | D:7      | Noticed an orc warrior
   975 | D:7      | Noticed an orc warrior
   978 | D:8      | Noticed an ice beast
  1036 | D:8      | Got a warped leather armour
  1064 | D:8      | Mangled by an ice beast

Vault maps used:
D:1:      tarquinn_simple_flora_water_a
D:2:      minitemple, minivault_14, uniq_jessica
D:3:      chequers_temple_overflow_statue_of_worship
D:4:      first_bread
D:5:      fedhas_altar_3, kennysheep_another_room, uniq_crazy_yiuf_cottage
D:6:      minmay_temple_entry_mist
D:7:      nicolae_qazlal_eye_of_the_storm, enter_bailey_3, serial_shops,
          nicolae_shop_crystal, dk_vineyard_3
D:8:      serial_shops, nicolae_shop_window_shopping

Skill      XL: |  1 |
---------------+----+-----
Stealth        | 7 |  7.0
Fighting       | |  1.5
Short Blades   | |  2.1
Throwing       | |  2.0
Dodging        | |  1.5

Action                   || total
-------------------------++-------
Melee: Dagger            ||    29
 Fire: Blowgun           ||     6
 Stab: Sleeping          ||     1
Armor: Robe              ||     4
Dodge: Dodged            ||    24

Vault maps used:
D:1:      tarquinn_simple_flora_water_a
D:2:      minitemple, minivault_14, uniq_jessica
D:3:      chequers_temple_overflow_statue_of_worship
D:4:      first_bread
D:5:      fedhas_altar_3, kennysheep_another_room, uniq_crazy_yiuf_cottage
D:6:      minmay_temple_entry_mist
D:7:      nicolae_qazlal_eye_of_the_storm, enter_bailey_3, serial_shops,
          nicolae_shop_crystal, dk_vineyard_3
D:8:      serial_shops, nicolae_shop_window_shopping
